 Dungeon Crawl Stone Soup version 0.18.1-48-g4cf74bf (webtiles) character file.

232 PossumBlood the Skirmisher (level 5, -1/39 HPs)
             Began as a High Elf Fighter on Aug 22, 2016.
             Slain by a gnoll
             ... wielding a cursed +0 club
              (3 damage)
             ... on level 3 of the Dungeon.
             The game lasted 00:06:38 (3811 turns).

PossumBlood the Skirmisher (High Elf Fighter)       Turns: 3811, Time: 00:06:38

Health: -1/39      AC: 10    Str: 15    XL:     5   Next: 73%
Magic:  6/6        EV:  8    Int: 11    God:
Gold:   109        SH:  9    Dex: 16    Spells: 0 memorised, 4 levels left

rFire  . . .     SeeInvis .     k - +1 short sword (freeze)
rCold  + . .     Gourm    .     b - +0 scale mail
rNeg   . . .     Faith    .     c - +0 shield
rPois  +         Spirit   .     h - +1 helmet
rElec  .         Dismiss  .     d - +1 cloak {rPois}
rCorr  .         Reflect  .     (no gloves)
SustAt .         Harm     .     (no boots)
MR     .....                    (no amulet)
Stlth  ..........               (no ring)
                                p - ring of protection from cold

@: not resistant to hostile enchantments, extremely unstealthy
A: no striking features
a: no special abilities


You were on level 3 of the Dungeon.
You were not hungry.

You visited 1 branch of the dungeon, and saw 4 of its levels.

You collected 109 gold pieces.

Inventory:

Hand Weapons
 a - a +0 rapier
 k - a +1 short sword of freezing (weapon)
Missiles
 l - 4 tomahawks (quivered)
Armour
 b - a +0 scale mail (worn)
 c - a +0 shield (worn)
 d - a +1 cloak of poison resistance (worn)
 h - a +1 helmet (worn)
Jewellery
 p - a ring of protection from cold (left hand)
Wands
 s - a wand of flame (33/48)
Scrolls
 e - 3 scrolls of identify
 r - a scroll of enchant armour
Books
 m - a Young Poisoner's Handbook

   Spells                             Type                      Level
   a - Sting                          Conjuration/Poison           1
   b - Cure Poison                    Poison                       2
   c - Mephitic Cloud                 Conjuration/Poison/Air       3
   d - Olgreb's Toxic Radiance        Poison                       4
   e - Venom Bolt                     Conjuration/Poison           5
 q - a book of Enchantments

   Spells                             Type                      Level
   a - Cause Fear                     Hexes                        4
   b - Yara's Violent Unravelling     Hexes/Transmutation          5
   c - Silence                        Hexes/Air                    5
   d - Deflect Missiles               Charms/Air                   6
   e - Haste                          Charms                       6
   f - Discord                        Hexes                        8
Comestibles
 f - 3 bread rations
 j - a meat ration


   Skills:
 * Level 5.1 Fighting
 + Level 4.1 Short Blades
 - Level 2.6 Armour
 + Level 2.7 Dodging
 - Level 2.6 Shields


You had 4 spell levels left.
You didn't know any spells.

Dungeon Overview and Level Annotations

Branches:
Dungeon (4/15)
 Temple: D:4-7

Altars:
Dithmenos


Message History

You hit the gnoll. You freeze the gnoll.
You kill the gnoll!
You block the gnoll's attack.
You closely miss the gnoll. You block the gnoll's attack.
You closely miss the gnoll. You barely miss the gnoll.
The gnoll hits you but does no damage.
You closely miss the gnoll. The gnoll hits you but does no damage.
You hit the gnoll but do no damage. The gnoll hits you with a club.
* * * LOW HITPOINT WARNING * * *
You closely miss the gnoll. The gnoll barely misses you.
You closely miss the gnoll. The gnoll hits you but does no damage.
You hit the gnoll. You freeze the gnoll.
The gnoll is lightly wounded.
You hit the gnoll. You freeze the gnoll.
The gnoll is heavily wounded.
You block the gnoll's attack.
You hit the gnoll. You freeze the gnoll.
The gnoll is severely wounded.
The gnoll hits you with a club.
You die...

#......#
#.##.#
####..
#......#
#.##.#
#.....
#......#
#.##.#
#....#
#......#
#..#.#
#....#
#......#
##.#.#
#....#
#...####
#(#.#
#..[.#
#...#
##...######
######
#...#
#..)(.....#
# #...#
#...@..(..#
#...#
#..)g.....#
#...#
#....(....#
#...#
#......(..#
#####
#.........#
#.........#
#.........#
#.........#
###########


You could see a gnoll.

Vanquished Creatures
  Crazy Yiuf (D:2)
  Jessica (D:2)
  Robin (D:3)
  2 gnolls (D:3)
  6 adders
  3 worms
  2 giant geckos (D:1)
  2 orcs (D:3)
  12 bats
  4 giant cockroaches
  23 goblins
  6 hobgoblins
  7 kobolds
  4 giant newts
  5 rats
79 creatures vanquished.

Notes
Turn   | Place    | Note
--------------------------------------------------------------
     0 | D:1      | PossumBlood the High Elf Fighter began the quest for the Orb.
     0 | D:1      | Reached XP level 1. HP: 16/16 MP: 2/2
   327 | D:1      | Reached XP level 2. HP: 17/21 MP: 3/3
   557 | D:1      | Reached skill level 1 in Dodging
  1330 | D:2      | Reached XP level 3. HP: 26/26 MP: 4/4
  1662 | D:2      | Reached skill level 4 in Fighting
  1728 | D:2      | Reached XP level 4. HP: 33/33 MP: 5/5
  2252 | D:2      | Noticed Crazy Yiuf
  2264 | D:2      | Killed Crazy Yiuf
  2626 | D:2      | Noticed Jessica
  2628 | D:2      | Killed Jessica
  2628 | D:2      | Reached XP level 5. HP: 36/38 MP: 6/6
  3028 | D:3      | Found a shadowy altar of Dithmenos.
  3320 | D:3      | Noticed Robin
  3373 | D:3      | Killed Robin
  3375 | D:3      | Reached skill level 5 in Fighting
  3799 | D:3      | HP: 1/39 [gnoll/flail (9)]
  3806 | D:3      | HP: 1/39 [gnoll/club (2)]
  3811 | D:3      | Slain by a gnoll

Skill      XL: |  1  2  3  4  5 |
---------------+----------------+-----
Dodging        | 1 2 |  2.7
Short Blades   | 3 4 |  4.1
Fighting       | 4 5 |  5.1
Armour         | |  2.6
Shields        | |  2.6

Action                   |  1- 3 |  4- 6 || total
-------------------------+-------+-------++-------
Melee: Rapier            |   134 |   162 ||   296
       Short sword       |       |    22 ||    22
  Use: Potion            |       |     7 ||     7
       Scroll            |       |     3 ||     3
  Eat: Bread ration      |     1 |     2 ||     3
Armor: Scale mail        |    51 |    92 ||   143
Dodge: Dodged            |    36 |    83 ||   119
Block: Shield            |    56 |   112 ||   168
